 Dungeon Sprint DCSS version 0.19-a0-1823-g21c7ecd (webtiles) character file.

20808 Naow the Slayer (level 12, 0/145 HPs)
             Began as a Minotaur Berserker on Oct 7, 2016.
             Was the Champion of Trog.
             Slain by an entropy weaver (8 damage)
             ... in the Dungeon (Sprint IX: "|||||||||||||||||||||||||||||").
             The game lasted 00:14:50 (3289 turns).

Naow the Slayer (Minotaur Berserker)                Turns: 3289, Time: 00:14:50

Health: 0/145      AC:  3    Str: 23    XL:     12   Next: 48%
Magic:  0/11       EV: 12    Int: 12    God:    Trog [******]
Gold:   1287       SH:  0    Dex: 10    Spells: 0 memorised, 11 levels left

rFire  + + .     SeeInvis .     t - +2 battleaxe (vamp)
rCold  x . .     Gourm    +     S - +1 fire dragon armour "Iquu" {+Inv rF++ rC- MR+ Int+4}
rNeg   . . .     Faith    .     (shield currently unavailable)
rPois  .         Spirit   .     (helmet restricted)
rElec  .         Dismiss  .     U - +2 cloak
rCorr  .         Reflect  .     T - +2 pair of gloves
MR     +....     Harm     .     n - +0 pair of boots
Stlth  .......... NoTele   +    C - amulet of the gourmand
                                r - +2 ring of evasion
                                q - +2 ring of protection

@: corroded
A: retaliatory headbutt, horns 2
a: Berserk, Trog's Hand, Brothers in Arms, Burn Spellbooks, Renounce Religion,
Evoke Invisibility


You were in the Dungeon.
You worshipped Trog.
Trog was exalted by your worship.
You were not hungry.

You visited 1 branch You collected 1911 gold pieces.
You spent 624 gold pieces at shops.

Inventory:

Hand Weapons
 a - a +0 hand axe
 j - a +3 broad axe of chopping
 s - a +1 broad axe of chopping
 t - a +2 vampiric battleaxe (weapon)
 z - a +3 battleaxe of flaming
 A - a +1 antimagic executioner's axe
 H - a +6 war axe of chopping
 I - the +3 battleaxe of Fixation {elec, MR- Dex+5}
   (Trog gifted it to you in the Dungeon)

   Occasionally, upon striking a foe, it will discharge some electrical energy
   and cause terrible harm.
   It affects your dexterity (+5).
   It affects your resistance to hostile enchantments.
 J - a +8 vampiric broad axe
 K - a +2 antimagic war axe
 W - a +3 halberd of venom
Armour
 b - a +0 animal skin
 n - a +0 pair of boots (worn)
 o - a +0 pair of gloves
 p - a +1 scale mail
 D - a +0 chain mail
 N - a +0 cloak
 R - a +1 large shield
 S - the +1 fire dragon armour "Iquu" (worn) {+Inv rF++ rC- MR+ Int+4}
   (You found it in the Dungeon)

   It affects your intelligence (+4).
   It greatly protects you from fire.
   It makes you vulnerable to cold.
   It affects your resistance to hostile enchantments.
   It lets you turn invisible.
 T - a +2 pair of gloves (worn)
 U - a +2 cloak (worn)
Jewellery
 q - a +2 ring of protection (left hand)
 r - a +2 ring of evasion (right hand)
 w - an uncursed ring of ice
 C - an amulet of the gourmand (around neck)
 O - an uncursed ring of protection from cold
 P - an uncursed ring of fire
 Q - an uncursed ring of stealth
Wands
 m - a wand of acid (7/15)
 L - a wand of heal wounds (4/9)
 M - a wand of lightning (9/15)
Scrolls
 i - 6 scrolls of blinking
 l - 4 scrolls of remove curse
 u - 2 scrolls of identify
 x - a scroll of recharging
 y - a scroll of fear
 B - a scroll of magic mapping
Potions
 c - 3 potions of resistance
 d - 8 potions of curing
 e - 7 potions of heal wounds
 f - 2 potions of haste
 g - 4 potions of magic
 h - 2 potions of berserk rage
 k - a potion of invisibility
 V - 2 potions of cure mutation
Books
 v - Qarior's Papyrus of Supportive Transmigration
   (You found it in the Dungeon)

   Spells                             Type                      Level
   a - Beastly Appendage              Transmutation                1
   b - Passwall                       Transmutation/Earth          2
   c - Ignite Poison                  Fire/Transmutation/Poison    3
   d - Summon Guardian Golem          Hexes/Summoning              3
   e - Summon Mana Viper              Hexes/Summoning              5
   f - Shadow Creatures               Summoning                    6
   Trog disapproves of the use of such an item.
Comestibles
 E - 40 fruits
 F - 11 bread rations
 G - 12 meat rations


   Skills:
 + Level 24.8 Fighting
 - Level 24.1 Axes
 - Level 2.4 Armour
 - Level 2.1 Dodging


You had 11 spell levels left.
You didn't know any spells.

Dungeon Overview and Level Annotations

Branches:
Dungeon (1/1)

Altars:
Cheibriados
Dithmenos
Elyvilon
Fedhas
Gozag
Hepliaklqana
Kikubaaqudgha
Makhleb
Nemelex Xobeh
Okawaru
Qazlal
Ru
Sif Muna
Trog
Uskayaw
Vehumet
Xom
Yredelemnul
Zin
The Shining One
Beogh
Jiyva
Lugonu

Shops:
D }}(}


Innate Abilities, Weirdness & Mutations

You reflexively headbutt those who attack you in melee.
You have a pair of horns on your head.


Message History

The entropy weaver misses you. The entropy weaver barely misses you.
You bump into the unnaturally hard rock wall.
You feel less confused. The jumping spider barely misses you.
You furiously retaliate!
You headbutt the jumping spider!
The jumping spider bites you but does no damage.
The entropy weaver closely misses you. You furiously retaliate!
You headbutt the entropy weaver, but do no damage.
The entropy weaver hits you!
* * * LOW HITPOINT WARNING * * *
The entropy weaver closely misses you. The entropy weaver barely misses you.
Your deep troll goes berserk!
You feel somewhat more hungry. The jumping spider closely misses you.
The jumping spider bites you.
* * * LOW HITPOINT WARNING * * *
The entropy weaver hits you!
* * * LOW HITPOINT WARNING * * *
The entropy weaver completely misses you.
The entropy weaver hits you!
You die...

))))....)...))[))))............▓
▓▓▓▓▓▓▓▓▓▓▓▓▓▓▓▓▓▓▓▓▓▓▓▓▓▓▓▓▓▓▓▓
...........)..)................▓
▓▓▓▓▓▓▓▓▓▓▓▓▓▓▓▓▓▓▓▓▓▓▓▓▓▓▓▓▓▓.▓
.[[[..[.))))))))....='.........▓
▓▓▓▓▓▓▓▓▓▓▓▓▓▓▓▓▓▓▓▓▓▓▓▓▓▓▓▓▓▓▓▓
..)......(.(().((((((..((......▓
♣♣♣♣♣♣▓▓▓▓▓▓▓▓▓▓▓▓▓▓▓▓▓▓▓▓▓▓▓▓.▓
.sss.sa@sT............▓
▓▓▓▓▓▓▓▓▓▓▓▓▓▓▓▓▓▓▓▓▓▓▓


You could see an entropy weaver, a wolf spider, an orb spider, 2 jumping
spiders, a tarantella and a friendly deep troll (berserk).

Vanquished Creatures
  Aizul (D)
  Nessos (D)
  Azrael (D)
  A rakshasa (D)
  A centaur warrior (D)
  A deep troll shaman (D)
  An orc high priest (D)
  A vampire mage (D)
  A death yak (D)
  A deep troll earth mage (D)
  A deep troll (D)
  A flayed ghost (D)
  A glowing orange brain (D)
  A hill giant (D)
  An elephant (D)
  Maurice (D)
  A cyclops (D)
  2 spiny frogs (D)
  A yaktaur (D)
  2 rime drakes (D)
  3 trolls (D)
  A jumping spider (D)
  A hornet (D)
  2 polar bears (D)
  A slime creature (D)
  2 hippogriffs (D)
  A tarantella (D)
  2 yaks (D)
  A basilisk (D)
  A hungry ghost (D)
  Eustachio (D)
  4 fire elementals (D)
  A mottled dragon (D)
  A hell hound (D)
  3 porcupines (D)
  2 water moccasins (D)
  9 orc warriors (D)
  A sky beast (D)
  6 black bears (D)
  5 crocodiles (D)
  A scorpion (D)
  A crimson imp (D)
  An orc wizard (D)
  An iguana (D)
  A worker ant (D)
  An adder (D)
  A shadow imp (D)
  5 orcs (D)
  3 bat skeletons (D)
  A bat zombie (D)
  2 goblins (D)
  A hobgoblin (D)
  A kobold (D)
  A jackal zombie (D)
  A leopard gecko skeleton (D)
  A rat (D)
93 creatures vanquished.

Vanquished Creatures (collateral kills)
  3 ogre magi (D)
  An iron troll (D)
  4 deep trolls (D)
  2 hill giants (D)
  A troll (D)
  2 orc warriors (D)
  2 orc priests (D)
  3 orc wizards (D)
  2 orcs (D)
20 creatures vanquished.

Grand Total: 113 creatures vanquished

Notes
Turn   | Place    | Note
-------+----------+-------------------------------------------
     0 | D        | Naow the Minotaur Berserker began the quest for the Orb.
     0 | D        | Reached XP level 1. HP: 19/19 MP: 0/0
     7 | D        | Reached ** piety under Trog
     7 | D        | Reached skill level 5 in Axes
    84 | D        | Noticed a crimson imp
    89 | D        | Reached *** piety under Trog
    89 | D        | Reached XP level 2. HP: 26/26 MP: 1/1
    91 | D        | Killed a crimson imp
    91 | D        | Reached XP level 3. HP: 31/31 MP: 2/2
   104 | D        | Found a roughly hewn altar of Beogh.
   104 | D        | Found a snail-covered altar of Cheibriados.
   104 | D        | Found a shadowy altar of Dithmenos.
   104 | D        | Found a white marble altar of Elyvilon.
   104 | D        | Found a blossoming altar of Fedhas.
   104 | D        | Found an opulent altar of Gozag.
   105 | D        | Found a hazy altar of Hepliaklqana.
   106 | D        | Found a viscous altar of Jiyva.
   107 | D        | Found an ancient bone altar of Kikubaaqudgha.
   108 | D        | Found a corrupted altar of Lugonu.
   109 | D        | Found a burning altar of Makhleb.
   110 | D        | Found a sparkling altar of Nemelex Xobeh.
   111 | D        | Found an iron altar of Okawaru.
   112 | D        | Found a stormy altar of Qazlal.
   113 | D        | Found a sacrificial altar of Ru.
   114 | D        | Found a deep blue altar of Sif Muna.
   115 | D        | Found a bloodstained altar of Trog.
   116 | D        | Found a hide-covered altar of Uskayaw.
   117 | D        | Found a radiant altar of Vehumet.
   118 | D        | Found a shimmering altar of Xom.
   119 | D        | Found a basalt altar of Yredelemnul.
   120 | D        | Found a glowing silver altar of Zin.
   121 | D        | Found a glowing golden altar of the Shining One.
   173 | D        | Noticed a hippogriff
   173 | D        | Noticed a yak
   173 | D        | Noticed a troll
   173 | D        | Noticed a hippogriff
   173 | D        | Noticed a scorpion
   176 | D        | Killed a scorpion
   176 | D        | Reached **** piety under Trog
   176 | D        | Reached XP level 4. HP: 39/39 MP: 3/3
   181 | D        | Killed a hippogriff
   181 | D        | Reached XP level 5. HP: 45/45 MP: 4/4
   181 | D        | Reached XP level 6. HP: 51/51 MP: 5/5
   185 | D        | Killed a troll
   185 | D        | Reached XP level 7. HP: 57/57 MP: 6/6
   192 | D        | Killed a yak
   195 | D        | Killed a hippogriff
   196 | D        | Reached ***** piety under Trog
   196 | D        | Received a gift from Trog
   232 | D        | Noticed a hungry ghost
   232 | D        | Noticed a centaur warrior
   232 | D        | Noticed a troll
   236 | D        | Killed a troll
   236 | D        | Reached XP level 8. HP: 64/64 MP: 7/7
   240 | D        | Killed a centaur warrior
   245 | D        | Received a gift from Trog
   255 | D        | Reached XP level 9. HP: 70/70 MP: 8/8
   372 | D        | Identified Qarior's Papyrus of Supportive Transmigration
   428 | D        | Reached ****** piety under Trog
   458 | D        | Noticed a rime drake
   458 | D        | Noticed an elephant
   458 | D        | Noticed a spiny frog
   458 | D        | Noticed a spiny frog
   458 | D        | Noticed a death yak
   462 | D        | Noticed a rime drake
   464 | D        | Killed a death yak
   464 | D        | Received a gift from Trog
   472 | D        | Killed a spiny frog
   476 | D        | Killed a spiny frog
   476 | D        | Reached XP level 10. HP: 84/84 MP: 9/9
   482 | D        | Killed an elephant
   491 | D        | Reached skill level 10 in Fighting
   788 | D        | Received a gift from Trog
   952 | D        | Received a gift from Trog
   959 | D        | Received a gift from Trog
  1562 | D        | Noticed an orc high priest
  1579 | D        | Killed an orc high priest
  1579 | D        | Reached skill level 15 in Fighting
  1586 | D        | Received a gift from Trog
  1596 | D        | Reached XP level 11. HP: 96/114 MP: 10/10
  1634 | D        | Found Magug's Gadget Boutique.
  1634 | D        | Noticed a deep troll
  1634 | D        | Noticed an ogre mage
  1634 | D        | Noticed a deep troll
  1634 | D        | Noticed a hill giant
  1634 | D        | Noticed a deep troll
  1636 | D        | Noticed an ogre mage
  1638 | D        | Killed a deep troll
  1643 | D        | Killed a hill giant
  1644 | D        | Killed a deep troll
  1644 | D        | Received a gift from Trog
  1645 | D        | Killed an ogre mage
  1648 | D        | Killed a deep troll
  1650 | D        | Killed an ogre mage
  1660 | D        | Found Rosaun's Antique Weapon Shop.
  1662 | D        | Noticed an ogre mage
  1663 | D        | Found Nag Soe's Gadget Boutique.
  1664 | D        | Noticed a deep troll
  1665 | D        | Found Idghourch's Gadget Shop.
  1665 | D        | Noticed a deep troll
  1666 | D        | Noticed a hill giant
  1672 | D        | Paralysed by an ogre mage for 4 turns
  1678 | D        | Killed an ogre mage
  1678 | D        | Received a gift from Trog
  1679 | D        | Noticed a hill giant
  1680 | D        | Killed a deep troll
  1690 | D        | Killed a deep troll
  1698 | D        | Killed a hill giant
  1704 | D        | Killed a hill giant
  1718 | D        | Noticed an iron troll
  1723 | D        | Killed an iron troll
  1822 | D        | Bought a wand of heal wounds (4/9) for 624 gold pieces
  1878 | D        | Noticed Eustachio
  1889 | D        | Noticed Maurice
  1902 | D        | Killed Maurice
  1905 | D        | Killed Eustachio
  2110 | D        | Got the +1 fire dragon armour "Iquu" {+Inv rF++ rC- MR+ Int+4}
  2171 | D        | Received a gift from Trog
  2175 | D        | Noticed a rakshasa
  2195 | D        | Noticed a flayed ghost
  2197 | D        | Killed a rakshasa
  2210 | D        | Killed a flayed ghost
  2210 | D        | Received a gift from Trog
  2213 | D        | Noticed a deep troll earth mage
  2214 | D        | Noticed a glowing orange brain
  2215 | D        | Got a slimy battleaxe {god gift}
  2218 | D        | Noticed a deep troll shaman
  2218 | D        | Noticed a vampire mage
  2225 | D        | Killed a deep troll earth mage
  2225 | D        | Reached XP level 12. HP: 91/138 MP: 11/11
  2227 | D        | Killed a deep troll shaman
  2247 | D        | Killed a vampire mage
  2445 | D        | Identified the +3 battleaxe of Fixation {elec, MR- Dex+5} (Trog gifted it to you in the Dungeon)
  2576 | D        | Noticed Aizul
  2578 | D        | Noticed Azrael
  2594 | D        | Killed Aizul
  2594 | D        | Received a gift from Trog
  2606 | D        | Killed Azrael
  2922 | D        | Noticed Nessos
  2955 | D        | Killed Nessos
  3275 | D        | Noticed an entropy weaver
  3281 | D        | Received a gift from Trog
  3289 | D        | Slain by an entropy weaver

Vault maps used:
D:        linesprint

Skill      XL: |  1  2  3  4  5  6  7  8  9 10 11 12 |
---------------+-------------------------------------+-----
Axes           | 6 9 11 14 16 19 21 24 | 24.1
Fighting       | 6 15 22 24 | 24.8
Armour         | |  2.4
Dodging        | |  2.1

Action                   |  1- 3 |  4- 6 |  7- 9 | 10-12 || total
-------------------------+-------+-------+-------+-------++-------
Melee: Hand axe          |    20 |     8 |    10 |       ||    38
       Headbutt          |     6 |     2 |    11 |    49 ||    68
       Broad axe         |       |       |    20 |       ||    20
       Battleaxe         |       |       |    51 |   223 ||   274
Invok: Berserk           |     1 |       |     1 |     3 ||     5
       Brothers in Arms  |       |       |       |     7 ||     7
       Trog's Hand       |       |       |       |     2 ||     2
  Use: Scroll            |       |       |       |     2 ||     2
  Eat: Chunk             |       |       |     1 |    21 ||    22
       Bread ration      |       |       |     1 |     1 ||     2
Armor: Animal skin       |     3 |       |       |       ||     3
       Scale mail        |     2 |     3 |    15 |    35 ||    55
       Fire dragon armou |       |       |       |    47 ||    47
Dodge: Dodged            |     9 |     3 |    21 |   125 ||   158
